 Dungeon Crawl Stone Soup version 0.23-a0-650-ga4d50d4 (webtiles) character file.

7617 zishaf the Arsonist (level 10, -1/55 (56) HPs)
             Began as a Deep Elf Fire Elementalist on Jan 4, 2019.
             Was a High Priest of Dithmenos.
             Slain by a hippogriff (3 damage)
             ... on level 10 of the Dungeon on Jan 5, 2019.
             The game lasted 00:27:41 (10176 turns).

zishaf the Arsonist (Deep Elf Fire Elementalist)   Turns: 10176, Time: 00:27:41

HP:   -1/55 (56)    AC:  3    Str:  5    XL:     10   Next: 98%
MP:   24/24         EV: 18    Int: 24    God:    Dithmenos [*****.]
Gold: 675           SH:  0    Dex: 15    Spells: 10/25 levels left

rFire    + + .     SeeInvis .   E - +3 rapier "Qeitt" {pierce, rF+}
rCold    x . .     Gourm    .   (no shield)
rNeg     . . .     Faith    .   a - +0 robe
rPois    .         Spirit   .   (no helmet)
rElec    .         Reflect  .   (no cloak)
rCorr    .         Harm     .   j - +0 pair of gloves
MR       ++...                  (no boots)
Stlth    +++.......             C - amulet of regeneration
HPRegen  0.58/turn              n - ring of fire
MPRegen  0.19/turn              N - ring of protection from magic

@: marked, wreathed by umbra
A: no striking features
a: Shadow Step, Shadow Form, Renounce Religion


You were on level 10 of the Dungeon.
You worshipped Dithmenos.
Dithmenos was extremely pleased with you.
You were not hungry.

You visited 1 branch of the dungeon, and saw 12 of its levels.
You also visited: Sewer.

You collected 675 gold pieces.

Inventory:

Hand Weapons
 E - the +3 rapier "Qeitt" (weapon) {pierce, rF+}
   (You took it off a centaur on level 7 of the Dungeon)

   It inflicts extra damage upon your enemies.
   It protects you from fire.
Missiles
 d - 302 stones (quivered)
Armour
 a - a +0 robe (worn)
 j - a +0 pair of gloves (worn)
Jewellery
 b - an uncursed ring of poison resistance
 n - a ring of fire (left hand)
 y - an uncursed ring of ice
 C - an amulet of regeneration (around neck)
 I - an uncursed ring of protection from fire
 M - an uncursed ring of flight
 N - a ring of protection from magic (right hand)
Wands
 m - a wand of flame (56)
 J - a wand of disintegration (18)
 L - a wand of acid (13)
Scrolls
 f - a scroll of enchant armour {unknown}
 g - 4 scrolls of amnesia
 h - a scroll of fear {unknown}
 i - a scroll of immolation {unknown}
 l - 7 scrolls of remove curse
 r - 2 scrolls of noise {unknown}
 u - a scroll of blinking {unknown}
 v - 5 scrolls of teleportation
 D - 2 scrolls of identify
 K - a scroll of acquirement {unknown}
Potions
 e - a potion of degeneration {unknown}
 k - 3 potions of agility
 o - 3 potions of heal wounds {unknown}
 p - 7 potions of curing
 q - a potion of mutation {unknown}
 s - 3 potions of flight {unknown}
 t - a potion of berserk rage {unknown}
 w - a potion of invisibility {unknown}
 x - 3 potions of brilliance
 z - 3 potions of might
 A - 3 potions of haste {unknown}
 B - a potion of magic
 F - a potion of ambrosia {unknown}
 H - 3 potions of lignification {unknown}
Comestibles
 c - 24 rations
 G - 2 chunks of flesh


   Skills:
 + Level 3.0 Fighting
 + Level 8.7 Dodging
 - Level 2.4 Stealth
 - Level 8.0 Spellcasting
 * Level 10.6 Conjurations
 * Level 11.1 Fire Magic


You had 10 spell levels left.
You knew the following spells:

 Your Spells              Type           Power        Failure   Level  Hunger
a - Flame Tongue          Conj/Fire      #####        1%          1    None
b - Fireball              Conj/Fire      #######...   1%          5    #####..
c - Conjure Flame         Conj/Fire      #######.     1%          3    None
d - Bolt of Fire          Conj/Fire      #######...   11%         6    ######.

Your spell library contained the following spells:

 Spells                   Type           Power        Failure   Level  Hunger
 Magic Dart               Conj           ####         1%          1    None
 Searing Ray              Conj           ######       1%          2    None
 Throw Flame              Conj/Fire      ######       1%          2    None
 Inner Flame              Hex/Fire       ######..     1%          3    None
 Iskenderun's Mystic Bla  Conj           ######..     1%          4    ##.....
 Sticky Flame             Conj/Fire      #######.     1%          4    ##.....
 Dazzling Spray           Conj/Hex       #####.       2%          3    None
 Ignite Poison            Fire/Tmut/Pois #####...     4%          3    None
 Force Lance              Conj/Tloc      #####...     7%          4    ##.....
 Fulminant Prism          Conj/Hex       #####.....   7%          4    ##.....
 Ring of Flames           Chrm/Fire      ######....   99%         7    #######
 Ignition                 Fire           #######...   99%         8    #######


Dungeon Overview and Level Annotations

Branches:
Dungeon (12/15)            Temple (0/1) D:7            Lair (0/6) D:10
    Orc (0/2) D:9

Altars:
Ashenzari
Cheibriados
Dithmenos
Fedhas
Gozag
Kikubaaqudgha
Nemelex Xobeh
Qazlal
Sif Muna
Uskayaw
Yredelemnul

Annotations:
D:6 exclusion: downstairs
D:10 exclusions: 4 doors and ice statue, Harold


Message History

The hippogriff misses you. The hippogriff completely misses you.
The hippogriff closely misses you. The hippogriff pecks you.
The hippogriff barely misses you. The hippogriff closely misses you.
The hippogriff barely misses you. The hippogriff claws you.
There is an open door here.
Harold says, "Listen, it's nothing personal.
It's just a job."
There is an open door here.
There is an escape hatch in the ceiling here.
Harold yells, "I don't have all day!"
Harold gestures at you while chanting. The harpoon shot hits you!
You stop ascending the stairs.
You are yanked forward by the harpoon shot.
The hippogriff barely misses you. x3
Harold hits you from afar with a +0 glaive!
* * * LOW HITPOINT WARNING * * *
The hippogriff bites you!
* * * LOW HITPOINT WARNING * * *
The hippogriff pecks you.
You die...

.. #..........# .. #.....%..=.#
.## #..........# ..#
#..........# .. #..........# #.
#..........# #.
#)##).........##...
#..').....<...'..#
####......H@..#### #..........#
#####@###### #..# #####
####.###### ....#
#...@.....#####+###### ....#
#...........#...H.hh.#
....#######.........#.'.?......#
....'....##.........###....h..@#


You could see Harold and a hippogriff.

Vanquished Creatures
  2 two-headed ogres (D:10)
  Psyche (D:8)
  4 hippogriffs
  A wyvern (D:9)
  A yak (D:7)
  A human (D:7)
  3 hogs (D:7)
  2 hungry ghosts (D:9)
  A water moccasin (D:8)
  A sky beast (D:10)
  2 black bears
  10 ogres
  4 phantoms
  2 necrophages
  An eye of draining (D:10)
  6 centaurs
  A crocodile (D:11)
  A big kobold (D:10)
  A gnoll sergeant (D:10)
  4 bullfrogs
  2 scorpions
  3 killer bees
  2 troll zombies (D:9)
  4 howler monkeys
  A wight (D:8)
  An electric eel (D:11)
  A bullfrog zombie (D:11)
  A crimson imp (D:8)
  A quasit (D:9)
  7 hounds
  2 orc priests
  2 bullfrog skeletons
  A centaur skeleton (D:5)
  5 jellies
  An orc wizard (D:5)
  6 iguanas
  6 worker ants
  4 ogre zombies (D:9)
  2 hound skeletons
  A howler monkey skeleton (D:9)
  13 gnolls
  10 adders
  5 river rats
  2 shadow imps
  4 worms
  2 dart slugs
  3 leopard geckos
  14 orcs
  4 ball pythons
  7 bats
  9 giant cockroaches
  3 goblins (D:3)
  2 hobgoblins (D:1)
  11 jackals
  4 quokkas
  A ball python skeleton (D:4)
  10 frilled lizards
  A goblin skeleton (D:9)
  A goblin zombie (D:9)
  A hobgoblin skeleton (D:9)
  4 hobgoblin zombies (D:9)
  8 kobolds
  A leopard gecko skeleton (D:8)
  3 orc skeletons (D:9)
  9 orc zombies (D:9)
  A quokka skeleton (D:4)
  10 rats
245 creatures vanquished.

Notes
Turn   | Place    | Note
-------+----------+-------------------------------------------
     0 | D:1      | zishaf the Deep Elf Fire Elementalist began the quest for
                  | the Orb.
     0 | D:1      | Reached XP level 1. HP: 10/10 MP: 6/6
   341 | D:1      | Reached XP level 2. HP: 15/15 MP: 5/8
   731 | D:2      | Found a shadowy altar of Dithmenos.
   741 | D:2      | Became a worshipper of Dithmenos the Shadowed
   749 | D:2      | Reached XP level 3. HP: 19/19 MP: 3/9
   876 | D:2      | Learned a level 3 spell: Conjure Flame
  1164 | D:2      | Reached skill level 4 in Fire Magic
  1449 | D:3      | Noticed a phantom
  1548 | D:3      | Killed a phantom
  1548 | D:3      | Reached XP level 4. HP: 24/24 MP: 3/11
  1548 | D:3      | Reached XP level 5. HP: 28/28 MP: 3/12
  1568 | D:3      | Learned a level 5 spell: Fireball
  1654 | D:3      | Found a blossoming altar of Fedhas.
  1849 | D:3      | Reached * piety under Dithmenos
  2038 | D:3      | Reached skill level 5 in Fire Magic
  2430 | D:4      | Reached XP level 6. HP: 32/32 MP: 6/14
  2729 | D:4      | Found an ancient bone altar of Kikubaaqudgha.
  2903 | D:5      | Entered Level 5 of the Dungeon
  2986 | D:5      | Found a sparkling altar of Nemelex Xobeh.
  3006 | D:5      | Reached XP level 7. HP: 22/36 MP: 9/16
  3077 | D:5      | Reached ** piety under Dithmenos
  3117 | D:5      | Found a glowing drain.
  3141 | Sewer    | Entered a sewer
  3382 | Sewer    | Reached skill level 5 in Spellcasting
  3382 | Sewer    | Reached skill level 6 in Fire Magic
  3791 | D:5      | Reached skill level 5 in Conjurations
  4534 | D:6      | Reached skill level 5 in Dodging
  4573 | D:6      | Reached XP level 8. HP: 36/40 MP: 7/18
  4692 | D:6      | Found a faded altar of an unknown god.
  4692 | D:6      | Found a snail-covered altar of Cheibriados.
  4697 | D:6      | Found a faded altar of an unknown god.
  4702 | D:6      | Found a shattered altar of Ashenzari.
  4704 | D:6      | Found a hide-covered altar of Uskayaw.
  4791 | D:6      | Reached *** piety under Dithmenos
  4791 | D:6      | Reached skill level 7 in Fire Magic
  5485 | D:6      | Learned a level 6 spell: Bolt of Fire
  6139 | D:7      | Found a staircase to the Ecumenical Temple.
  6208 | D:7      | Noticed a hippogriff
  6225 | D:7      | Killed a hippogriff
  6225 | D:7      | Reached skill level 8 in Fire Magic
  6345 | D:7      | Noticed a hippogriff
  6441 | D:7      | Found a basalt altar of Yredelemnul.
  6443 | D:7      | Noticed a hippogriff
  6450 | D:7      | Killed a hippogriff
  6450 | D:7      | Reached XP level 9. HP: 44/44 MP: 10/21
  6585 | D:7      | Identified the +3 rapier "Qeitt" {pierce, rF+}
  6991 | D:7      | Reached skill level 9 in Fire Magic
  7017 | D:7      | Reached **** piety under Dithmenos
  7420 | D:8      | Found an opulent altar of Gozag.
  7676 | D:8      | Found a stormy altar of Qazlal.
  7827 | D:8      | Noticed Psyche
  7835 | D:8      | Killed Psyche
  7835 | D:8      | Reached skill level 1 in Fighting
  7835 | D:8      | Reached XP level 10. HP: 13/51 MP: 17/24
  8101 | D:9      | Found a deep blue altar of Sif Muna.
  8332 | D:9      | Reached skill level 10 in Fire Magic
  8436 | D:9      | Found a staircase to the Orcish Mines.
  8490 | D:9      | You fall through a shaft for 3 floors!
  8529 | D:12     | Noticed a cyclops
  8558 | D:11     | Noticed a seven-headed hydra
  8738 | D:10     | Entered Level 10 of the Dungeon
  8811 | D:10     | Noticed a two-headed ogre
  8821 | D:10     | Killed a two-headed ogre
  8821 | D:10     | Reached skill level 10 in Conjurations
  8889 | D:10     | Noticed an ice statue
  8977 | D:10     | Reached ***** piety under Dithmenos
  9153 | D:10     | Noticed Harold
  9241 | D:10     | Noticed a two-headed ogre
  9252 | D:10     | Killed a two-headed ogre
  9252 | D:10     | Reached skill level 11 in Fire Magic
 10022 | D:10     | Found a staircase to the Lair.
 10176 | D:10     | HP: 2/55 [hippogriff (10)]
 10176 | D:10     | Slain by a hippogriff

Vault maps used:
D:1:      dpeg_arrival_rooms_b, minmay_pentomino_t2
D:2:      nicolae_dithmenos_shadow_blocks
D:3:      marbit_many_paths
D:4:      nicolae_overflow_hidden_temple, kennysheep_mini
D:5:      nemelex_altar_shiori, first_ration, gup_sewer_entry_bubbles,
          grunt_decor_mini_mirrors
D:6:      chequers_temple_overflow_minitemple
D:7:      lemuel_round_altar, temple_statues, grunt_livestock
D:8:      overflow_temple_1_default, kennysheep_little_box,
          hangedman_abyss_or_decor_stabs, kennysheep_generic_room_7, uniq_psyche
D:9:      zombieorc1_lemuel, basic_altar
D:10:     lair_entry_dummy, minmay_statue_bubble, uniq_harold
D:11:     basic_altar, ebering_ghost_disaster_area, serial_park_tiny_1
D:12:     grunt_gozag_statues
Sewer:    sewer_co_cracked_pipes

Skill      XL: |  1  2  3  4  5  6  7  8  9 10 |
---------------+-------------------------------+-----
Conjurations   | 2 3 4 5 7 9 10 | 10.6
Fire Magic     | 4 5 6 8 9 11 | 11.1
Dodging        | 3 4 5 6 7 8 |  8.7
Spellcasting   | 4 5 6 8 |  8.0
Fighting       | 1 3 |  3.0
Stealth        | |  2.4

Action                   |  1- 3 |  4- 6 |  7- 9 | 10-12 || total
-------------------------+-------+-------+-------+-------++-------
Melee: Dagger            |    26 |       |       |       ||    26
       Short sword       |     1 |       |   124 |       ||   125
       Rapier            |       |       |     9 |    35 ||    44
Throw: Stone             |    11 |     9 |     3 |     2 ||    25
 Cast: Flame Tongue      |    51 |    88 |   296 |   188 ||   623
       Conjure Flame     |       |     2 |    10 |    11 ||    23
       Fireball          |       |       |     3 |     2 ||     5
  Use: Scroll            |       |     4 |     3 |     2 ||     9
 Stab: Sleeping          |       |       |       |     3 ||     3
  Eat: Chunk             |     2 |     4 |     9 |    11 ||    26
       Ration            |       |       |     2 |       ||     2
Armor: Robe              |    12 |     1 |    37 |     6 ||    56
Dodge: Dodged            |    37 |    10 |   174 |   104 ||   325

Table legend:
 A = Non-vault XP
 B = Vault XP
 C = Vault XP percentage of total XP
 D = Non-vault monster count
 E = Vault monster count
 F = Vault count percentage of total count
                 A         B        C        D         E       F
            +---------+---------+-------+---------+---------+-------
      Total |    8649 |    2233 |  20.5 |     182 |      63 |  25.7
            +---------+---------+-------+---------+---------+-------
        D:1 |      35 |       2 |   5.4 |      13 |       1 |   7.1
        D:2 |      37 |       0 |   0.0 |      10 |       0 |   0.0
        D:3 |     273 |       3 |   1.1 |      28 |       1 |   3.4
        D:4 |     154 |       0 |   0.0 |      12 |       0 |   0.0
        D:5 |     651 |      22 |   3.3 |      17 |       6 |  26.1
        D:6 |    1105 |       0 |   0.0 |      26 |       0 |   0.0
        D:7 |    1428 |     988 |  40.9 |      21 |       5 |  19.2
        D:8 |     558 |     469 |  45.7 |       8 |       5 |  38.5
        D:9 |     661 |     647 |  49.5 |       9 |      28 |  75.7
       D:10 |    3000 |       0 |   0.0 |      27 |       0 |   0.0
       D:11 |     741 |       0 |   0.0 |       9 |       0 |   0.0
       D:12 |       6 |       0 |   0.0 |       2 |       0 |   0.0
      Sewer |       0 |     102 | 100.0 |       0 |      17 | 100.0
            +---------+---------+-------+---------+---------+-------
